 Dungeon Crawl Stone Soup version 0.15-a0-1632-gd490d05 (webtiles) character file.

269 Kenran the Martial Artist (level 6, -11/37 HPs)
             Began as a Tengu Monk on June 21, 2014.
             Killed by divine providence
             ... invoked by an orc priest
              (15 damage)
             ... on Level 4 of the Dungeon.
             The game lasted 00:13:58 (4330 turns).

Kenran the Martial Artist (Tengu Monk)              Turns: 4330, Time: 00:13:58

HP -11/37        AC  1     Str 12      XL: 6   Next: 22%
MP   5/8         EV 16     Int 10      God:
Gold 99          SH  0     Dex 18      Spells:  0 memorised,  5 levels left

rFire  . . .     SeeInvis .       - Unarmed
rCold  . . .     Clarity  .     g - -2 robe (curse)
rNeg   . . .     rCorr    .     (no shield)
rPois  .         rRot     .     (helmet restricted)
rElec  .         Spirit   .     (no cloak)
SustAb +         Warding  .     n - +0 pair of gloves
rMut   .         Stasis   .     (boots unavailable)
Gourm  .                        (no amulet)
MR     .....                    o - ring of sustain abilities
                                e - +3 ring of slaying

@: flying quickly and evasively, quick, not resistant to hostile enchantments,
unstealthy
A: able to fly, beak, talons 3
a: no special abilities


You were on level 4 of the Dungeon.
You were not hungry.

You visited 1 branch of the dungeon, and saw 4 of its levels.

You collected 99 gold pieces.

Inventory:

Armour
 a - a +1 robe
 f - a +0 robe
 g - a cursed -2 robe (worn)
 m - a +0 pair of gloves
 n - a +0 pair of gloves (worn)
Comestibles
 b - 3 bread rations
Scrolls
 h - 3 scrolls of identify
 i - 2 scrolls of teleportation
 j - 2 scrolls of enchant armour
 l - a scroll of enchant weapon
 q - a scroll of blinking
Jewellery
 e - a +3 ring of slaying (left hand)
 o - a ring of sustain abilities (right hand)
 t - an uncursed ring of see invisible {unknown}
 u - an uncursed ring of see invisible {unknown}
Potions
 c - a potion of heal wounds
 d - 2 potions of agility {unknown}
 k - 3 potions of curing {unknown}
 p - a potion of might
 r - a potion of magic {unknown}


   Skills:
 - Level 3.0 Fighting
 - Level 3.2 Dodging
 - Level 2.0 Stealth
 + Level 8.0 Unarmed Combat


You had 5 spell levels left.
You didn't know any spells.

Dungeon Overview and Level Annotations

Branches:
Dungeon (4/15)
 Temple: D:4-7

Altars:


Innate Abilities, Weirdness & Mutations

You can fly.
You have a beak for a mouth.
You have claws for feet.


Message History

Your Unarmed Combat skill increases to level 8!
r - a silvery potion
There is a stone staircase leading up here.
The orc priest utters an invocation to Beogh.
You feel a wave of unholy energy pass over you.
The orc priest's eyes start to glow.
Use which ability? (? or * to list)
You swoop lightly up into the air.
You feel somewhat more hungry.
The orc priest shouts!
The orc priest looks braver.
The orc priest mumbles some strange prayers to Beogh against you.
Something smites you!
The orc priest mumbles some strange prayers to Beogh.
You feel troubled.
The orc priest calls down the wrath of Beogh upon you.
Something smites you!
* * * LOW HITPOINT WARNING * * *
The orc priest mumbles some strange prayers to Beogh against you.
Something smites you!
You die...

.............##
...............##
.................#
..........o......#
..........o......#
................## ####
.....)..........####..###
####
......<.........)##.....##
#...
..............##@##......#
#..
.............###.#.......##
#.. ##..[.......##
#..........# ##..
##........##
#..........####...
###.....##
#...........##...# ###..##
#............#...## ####
#...............##
#...............##
###........######


You could see 2 orc priests.

Vanquished Creatures
  2 orc wizards
  A hound (D:4)
  5 adders
  4 gnolls (D:3)
  3 worms
  3 giant geckos
  2 oozes
  6 orcs
  A ball python (D:2)
  5 giant cockroaches
  9 goblins
  4 hobgoblins
  9 jackals
  A quokka (D:3)
  10 bats
  7 giant newts
  5 kobolds
  9 rats
86 creatures vanquished.

Notes
Turn   | Place    | Note
--------------------------------------------------------------
     0 | D:1      | Kenran, the Tengu Monk, began the quest for the Orb.
     0 | D:1      | Reached XP level 1. HP: 14/14 MP: 1/1
   155 | D:1      | Reached XP level 2. HP: 19/19 MP: 3/3
   182 | D:1      | Reached skill level 5 in Unarmed Combat
   826 | D:2      | Reached XP level 3. HP: 12/23 MP: 4/4
  1771 | D:2      | Reached skill level 6 in Unarmed Combat
  1771 | D:2      | Reached XP level 4. HP: 26/28 MP: 5/5
  2502 | D:3      | Reached XP level 5. HP: 8/32 MP: 7/7
  2897 | D:3      | Reached skill level 7 in Unarmed Combat
  3826 | D:4      | Reached XP level 6. HP: 37/37 MP: 8/8
  3828 | D:4      | HP: 1/37 [orc priest/divine providence (13)]
  4293 | D:4      | Reached skill level 8 in Unarmed Combat
  4330 | D:4      | Killed from afar by an orc priest

Action                   |  1- 3 |  4- 6 || total
-------------------------+-------+-------++-------
Melee: Unarmed           |    76 |    83 ||   159
 Abil: Fly               |       |     3 ||     3
  Use: Scroll            |     6 |     3 ||     9
       Potion            |       |     1 ||     1
 Stab: Sleeping          |     1 |     3 ||     4
       Distracted        |       |     1 ||     1
